 Dungeon Sprint DCSS version 0.20-a0-641-g673355a (webtiles) character file.

16797 Kidiri the Eclecticist (level 12, -31/75 HPs)
             Began as a Deep Elf Fire Elementalist on Feb 13, 2017.
             Was the Champion of Vehumet.
             Hit by a large rock thrown by Polyphemus (44 damage)
             ... in the Dungeon (Sprint III: "The Ten Rune Challenge").
             The game lasted 00:20:31 (2880 turns).

Kidiri the Eclecticist (Deep Elf Fire Elementalist) Turns: 2880, Time: 00:20:31

Health: -31/75     AC:  7    Str:  7    XL:     12   Next: 13%
Magic:  24/35      EV: 19    Int: 26    God:    Vehumet [******]
Gold:   32         SH:  0    Dex: 15    Spells: 4/46 levels left

rFire    . . .     SeeInvis .   n - +0 dagger
rCold    + . .     Gourm    .   k - +1 robe {rC+}
rNeg     . . .     Faith    .   (no shield)
rPois    +         Spirit   .   (no helmet)
rElec    .         Reflect  .   a - +0 cloak {rPois}
rCorr    .         Harm     .   (no gloves)
MR       +....     NoTele   +   (no boots)
Stlth    ++........             (no amulet)
Regen    0.7/turn               (no ring)
MPRegen  0.3/turn               (no ring)

@: no status effects
A: iridescent scales 1, regeneration 1, strong 1
a: Renounce Religion


You were in the Dungeon.
You worshipped Vehumet.
Vehumet was exalted by your worship.
You were not hungry.

You visited 1 branch You collected 32 gold pieces.

Inventory:

Hand Weapons
 n - a +0 dagger (weapon)
Armour
 a - a +0 cloak of poison resistance (worn)
 k - a +1 robe of cold resistance (worn)
Wands
 e - a wand of lightning (5/15)
 s - a wand of flame (12/48)
Scrolls
 m - a scroll of immolation
 q - a scroll of remove curse
Potions
 h - a potion of berserk rage
 p - 2 potions of flight
Books
 b - a book of Flames

   Spells                             Type                      Level
   a - Flame Tongue                   Conjuration/Fire             1
   b - Throw Flame                    Conjuration/Fire             2
   c - Conjure Flame                  Conjuration/Fire             3
   d - Inner Flame                    Hexes/Fire                   3
   e - Sticky Flame                   Conjuration/Fire             4
   f - Fireball                       Conjuration/Fire             5
 l - a book of the Earth

   Spells                             Type                      Level
   a - Leda's Liquefaction            Hexes/Earth                  4
   b - Bolt of Magma                  Conjuration/Fire/Earth       5
   c - Statue Form                    Transmutation/Earth          6
   d - Iron Shot                      Conjuration/Earth            6
   e - Shatter                        Earth                        9
Comestibles
 c - 3 bread rations
 j - 21 royal jellies


   Skills:
 + Level 8.4 Fighting
 + Level 9.2 Short Blades
 + Level 8.2 Armour
 - Level 10.5 Dodging
 - Level 2.4 Stealth
 * Level 17.5 Spellcasting
 + Level 11.1 Conjurations
 + Level 11.3 Fire Magic
 + Level 7.6 Ice Magic
 + Level 7.9 Air Magic
 + Level 9.0 Earth Magic
 + Level 7.0 Poison Magic
 + Level 7.6 Evocations


You had 4 spell levels left.
You knew the following spells:

 Your Spells              Type           Power        Failure   Level  Hunger
a - Flame Tongue          Conj/Fire      #####        1%          1    None
b - Throw Flame           Conj/Fire      ######       1%          2    None
c - Conjure Flame         Conj/Fire      ######..     1%          3    None
d - Inner Flame           Hex/Fire       ######..     1%          3    None
e - Sticky Flame          Conj/Fire      ######..     1%          4    None
f - Fireball              Conj/Fire      ######....   1%          5    None
g - Bolt of Magma         Conj/Fire/Erth ######....   1%          5    None
h - Iron Shot             Conj/Erth      ######....   2%          6    ###....
i - Shock                 Conj/Air       ####         1%          1    None
j - Throw Frost           Conj/Ice       ######       1%          2    None
k - Mephitic Cloud        Conj/Pois/Air  ######..     1%          3    None
l - Orb of Destruction    Conj           ######....   7%          7    #####..


Dungeon Overview and Level Annotations

Branches:
Dungeon (1/1)

Altars:
Cheibriados
Dithmenos
Elyvilon
Fedhas
Gozag
Hepliaklqana
Kikubaaqudgha
Makhleb
Nemelex Xobeh
Okawaru
Qazlal
Ru
Sif Muna
Trog
Uskayaw
Vehumet
Xom
Yredelemnul
Zin
The Shining One
Beogh
Jiyva
Lugonu

Annotations:
D exclusion: 2 doors, Polyphemus


Innate Abilities, Weirdness & Mutations

You are partially covered in iridescent scales. (AC +2)
Your natural rate of healing is unusually fast.
Your muscles are strong. (Str +2)


Message History

Unknown command.
Casting: Sticky Flame
Confirm with . or Enter, or press ? or * to list all spells.
Aiming: Iron Shot
Press: ? - help, Shift-Dir - straight line, f/p - Polyphemus
Aim: Polyphemus (flame, heavily wounded, covered in liquid flames)
The iron shot hits Polyphemus.
Polyphemus is heavily wounded.
Polyphemus burns!
Polyphemus is engulfed in blazing flames.
Polyphemus throws a large rock.
The large rock barely misses you.
Casting: Iron Shot
Confirm with . or Enter, or press ? or * to list all spells.
You don't have enough magic to cast that spell.
Unknown command.
Magic courses through your body.
Polyphemus burns!
Polyphemus stops burning.
Polyphemus is engulfed in blazing flames.
Polyphemus throws a large rock.
The large rock hits you!!!
Ouch! That really hurt!
You die...

+≈≈≈≈§≈≈≈≈♣♣.....♣♣♣♣≈≈≈.
#.≈≈§§§§≈≈♣♣.≈≈≈≈'♣♣'♣≈≈≈
#≈≈≈≈§§§≈≈≈'.....#.≈♣♣♣♣♣
#≈≈≈§§§≈≈≈♣♣♣♣♣♣♣#..♣♣
#≈≈≈≈≈≈.≈≈♣ ###'♣♣♣♣
▓##+####'#######♣
♣♣♣♣.##..
▓...............♣♣
♣...##.##
▓#+#############+♣
♣♣.##.##. #≈P...C(@...(♣
♣..#.##.
.+≈≈..§########♣♣
♣♣.##%##
..#≈≈≈.........PP♣
♣♣.##.##
..#≈≈≈≈...PP.(..P♣
♣.....#
###########C############
▓§§≈§≈≈≈≈≈ ▓≈§≈≈≈≈≈≈≈
▓≈§≈..≈≈≈≈ ▓≈≈..§†≈≈≈


You could see Polyphemus.

Vanquished Creatures
  Rupert (D)
  Snorg (D)
  A centaur warrior (D)
  4 death yaks (D)
  Urug (D)
  A sea snake (D)
  2 unseen horrors (D)
  A lindwurm (D)
  A deep elf mage (D)
  2 black mambas (D)
  2 spiny frogs (D)
  A rime drake (D)
  A komodo dragon (D)
  3 wandering mushrooms (D)
  2 tyrant leeches (D)
  A queen bee (D)
  8 blink frogs (D)
  3 dream sheep (D)
  3 redbacks (D)
  A shadow (D)
  A spatial vortex (D)
  A swamp drake (D)
  A necrophage (D)
  2 centaurs (D)
  An earth elemental (D)
  A water elemental (D)
  26 killer bees (D)
  A jelly (D)
  Crazy Yiuf (D)
  A wizard (D)
  Jessica (D)
  A necromancer (D)
  3 humans (D)
  A kobold demonologist (D)
  An ooze (D)
  2 rats (D)
  A plant (D)
86 creatures vanquished.

Vanquished Creatures (collateral kills)
  6 killer bees (D)
6 creatures vanquished.

Vanquished Creatures (others)
  2 draconian scorchers (D)
  6 hellions (D)
  3 yaktaurs (D)
11 creatures vanquished.

Grand Total: 103 creatures vanquished

Notes
Turn   | Place    | Note
-------+----------+-------------------------------------------
     0 | D        | Kidiri the Deep Elf Fire Elementalist began the quest for the Orb.
     0 | D        | Reached XP level 1. HP: 10/10 MP: 6/6
     9 | D        | Reached skill level 4 in Spellcasting
    67 | D        | Noticed Jessica
    70 | D        | Killed Jessica
    70 | D        | Reached skill level 1 in Fighting
    70 | D        | Reached skill level 1 in Armour
    70 | D        | Reached skill level 5 in Spellcasting
    70 | D        | Reached XP level 2. HP: 16/16 MP: 5/10
    70 | D        | Reached XP level 3. HP: 20/20 MP: 5/11
    74 | D        | Learned a level 2 spell: Throw Flame
    77 | D        | Killed a hellion
    78 | D        | Learned a level 3 spell: Conjure Flame
    82 | D        | Learned a level 3 spell: Inner Flame
   118 | D        | Killed a yaktaur
   157 | D        | Killed a hellion
   158 | D        | Killed a hellion
   159 | D        | Killed a hellion
   160 | D        | Killed a hellion
   160 | D        | Killed a hellion
   233 | D        | Killed a white draconian scorcher
   238 | D        | Noticed Crazy Yiuf
   242 | D        | Killed Crazy Yiuf
   242 | D        | Reached skill level 6 in Spellcasting
   242 | D        | Reached XP level 4. HP: 25/26 MP: 8/14
   257 | D        | Learned a level 4 spell: Sticky Flame
   294 | D        | Killed a white draconian scorcher
   300 | D        | Gained mutation: Your body sometimes deteriorates upon taking damage. [potion of mutation]
   300 | D        | Gained mutation: Your system is resistant to poisons. (rPois) [potion of mutation]
   301 | D        | Lost mutation: Your body sometimes deteriorates upon taking damage. [potion of mutation]
   301 | D        | Lost mutation: Your system is resistant to poisons. (rPois) [potion of mutation]
   301 | D        | Gained mutation: Your spells are a little easier to cast, but a little less powerful. [potion of mutation]
   301 | D        | Gained mutation: You occasionally shout uncontrollably at your foes. [potion of mutation]
   301 | D        | Gained mutation: Your natural rate of healing is unusually fast. [potion of mutation]
   301 | D        | Lost mutation: Your spells are a little easier to cast, but a little less powerful. [potion of mutation]
   302 | D        | Lost mutation: You occasionally shout uncontrollably at your foes. [potion of mutation]
   302 | D        | Gained mutation: Your muscles are strong. (Str +2) [potion of mutation]
   302 | D        | Gained mutation: You are partially covered in iridescent scales. (AC +2) [potion of mutation]
   315 | D        | Noticed a water elemental
   319 | D        | Killed a water elemental
   319 | D        | Reached skill level 7 in Spellcasting
   319 | D        | Reached skill level 5 in Fire Magic
   319 | D        | Reached XP level 5. HP: 32/32 MP: 9/17
   326 | D        | Learned a level 5 spell: Fireball
   375 | D        | Found a radiant altar of Vehumet.
   376 | D        | Found a deep blue altar of Sif Muna.
   376 | D        | Found an ancient bone altar of Kikubaaqudgha.
   378 | D        | Reached skill level 5 in Dodging
   378 | D        | Reached skill level 8 in Spellcasting
   379 | D        | Noticed a chaos spawn
   380 | D        | Noticed a neqoxec
   392 | D        | Became a worshipper of Vehumet
   475 | D        | Found a glowing silver altar of Zin.
   476 | D        | Found a glowing golden altar of the Shining One.
   476 | D        | Found a white marble altar of Elyvilon.
   476 | D        | Noticed a deep elf mage
   488 | D        | Killed a deep elf mage
   488 | D        | Reached skill level 10 in Spellcasting
   488 | D        | Reached XP level 6. HP: 27/39 MP: 13/21
   488 | D        | Reached XP level 7. HP: 30/44 MP: 14/23
   495 | D        | Learned a level 5 spell: Bolt of Magma
   533 | D        | Found a hide-covered altar of Uskayaw.
   533 | D        | Found a roughly hewn altar of Beogh.
   533 | D        | Found an iron altar of Okawaru.
   533 | D        | Found a bloodstained altar of Trog.
   533 | D        | Noticed a human
   535 | D        | Noticed a human
   539 | D        | Killed a human
   539 | D        | Reached skill level 11 in Spellcasting
   539 | D        | Reached skill level 1 in Earth Magic
   545 | D        | Killed a human
   545 | D        | Reached * piety under Vehumet
   545 | D        | Offered knowledge of Sandblast by Vehumet.
   553 | D        | Learned a level 6 spell: Iron Shot
   637 | D        | Found a basalt altar of Yredelemnul.
   637 | D        | Found a shadowy altar of Dithmenos.
   637 | D        | Found a sacrificial altar of Ru.
   640 | D        | Reached skill level 5 in Fighting
   640 | D        | Reached skill level 5 in Armour
   712 | D        | Offered knowledge of Shock by Vehumet.
   712 | D        | Reached ** piety under Vehumet
   712 | D        | Reached XP level 8. HP: 49/49 MP: 18/25
   715 | D        | Learned a level 1 spell: Shock
   718 | D        | Reached skill level 12 in Spellcasting
   718 | D        | Reached skill level 1 in Air Magic
   798 | D        | Found a blossoming altar of Fedhas.
   798 | D        | Found a stormy altar of Qazlal.
   798 | D        | Found a snail-covered altar of Cheibriados.
   798 | D        | Found a burning altar of Makhleb.
   798 | D        | Found a shimmering altar of Xom.
   800 | D        | Found a hazy altar of Hepliaklqana.
   800 | D        | Found an opulent altar of Gozag.
   800 | D        | Found a sparkling altar of Nemelex Xobeh.
   800 | D        | Found a corrupted altar of Lugonu.
   800 | D        | Found a viscous altar of Jiyva.
   908 | D        | Noticed Snorg
   920 | D        | Killed Snorg
   920 | D        | Offered knowledge of Throw Frost by Vehumet.
   920 | D        | Reached skill level 5 in Short Blades
   920 | D        | Reached skill level 13 in Spellcasting
   920 | D        | Reached XP level 9. HP: 41/55 MP: 7/28
   924 | D        | Learned a level 2 spell: Throw Frost
  1251 | D        | Reached *** piety under Vehumet
  1313 | D        | Noticed a centaur warrior
  1315 | D        | Offered knowledge of Mephitic Cloud by Vehumet.
  1320 | D        | Killed a centaur warrior
  1320 | D        | Reached skill level 5 in Earth Magic
  1330 | D        | Learned a level 3 spell: Mephitic Cloud
  1372 | D        | Noticed an unseen horror
  1376 | D        | Killed an unseen horror
  1376 | D        | Reached **** piety under Vehumet
  1376 | D        | Reached skill level 14 in Spellcasting
  1376 | D        | Reached skill level 1 in Poison Magic
  1381 | D        | Noticed an unseen horror
  1385 | D        | Killed an unseen horror
  1385 | D        | Offered knowledge of Throw Icicle by Vehumet.
  1385 | D        | Reached XP level 10. HP: 22/61 MP: 27/30
  1456 | D        | Reached ***** piety under Vehumet
  1460 | D        | Reached skill level 10 in Dodging
  1462 | D        | Reached skill level 5 in Air Magic
  1462 | D        | Reached ****** piety under Vehumet
  1661 | D        | Offered knowledge of Ozocubu's Refrigeration by Vehumet.
  1661 | D        | Reached skill level 15 in Spellcasting
  1718 | D        | Noticed a spiny frog
  1718 | D        | Noticed a spiny frog
  1725 | D        | Killed a spiny frog
  1727 | D        | Killed a spiny frog
  1848 | D        | Reached skill level 10 in Fire Magic
  1848 | D        | Reached skill level 5 in Evocations
  1857 | D        | Offered knowledge of Freezing Cloud by Vehumet.
  1857 | D        | Reached skill level 5 in Ice Magic
  1920 | D        | Noticed a lindwurm
  1922 | D        | Killed a lindwurm
  1922 | D        | Reached XP level 11. HP: 67/67 MP: 19/32
  2037 | D        | Noticed Urug
  2042 | D        | Killed Urug
  2130 | D        | Offered knowledge of Spellforged Servitor by Vehumet.
  2130 | D        | Reached skill level 16 in Spellcasting
  2130 | D        | Reached skill level 10 in Conjurations
  2130 | D        | Reached skill level 5 in Poison Magic
  2257 | D        | Noticed Rupert
  2289 | D        | Paralysed by Rupert for 3 turns
  2296 | D        | Killed Rupert
  2461 | D        | Noticed a death yak
  2462 | D        | Noticed a death yak
  2468 | D        | Noticed a death yak
  2469 | D        | Noticed a death yak
  2470 | D        | Killed a death yak
  2470 | D        | Offered knowledge of Orb of Destruction by Vehumet.
  2471 | D        | Killed a death yak
  2473 | D        | Killed a death yak
  2473 | D        | Reached skill level 17 in Spellcasting
  2475 | D        | Killed a death yak
  2626 | D        | Learned a level 7 spell: Orb of Destruction
  2629 | D        | Noticed an azure jelly
  2629 | D        | Noticed an azure jelly
  2634 | D        | Reached XP level 12. HP: 74/74 MP: 22/35
  2715 | D        | Noticed Polyphemus
  2716 | D        | Offered knowledge of Poison Arrow by Vehumet.
  2877 | D        | HP: 1/75 [Polyphemus/large rock (12)]
  2880 | D        | Hit by a large rock thrown by Polyphemus

Vault maps used:
D:        dungeon_sprint_mu

Skill      XL: |  1  2  3  4  5  6  7  8  9 10 11 12 |
---------------+-------------------------------------+-----
Spellcasting   | 5 6 7 10 11 13 14 15 17 | 17.5
Fighting       | 1 2 4 5 6 7 8 |  8.4
Armour         | 1 2 4 5 6 7 8 |  8.2
Dodging        | 3 4 7 8 9 10 | 10.5
Conjurations   | 2 3 4 6 7 8 9 10 11 | 11.1
Fire Magic     | 4 5 7 8 9 10 11 | 11.3
Short Blades   | 3 4 5 6 7 9 |  9.2
Earth Magic    | 2 4 5 7 8 9 |  9.0
Air Magic      | 3 4 6 7 |  7.9
Ice Magic      | 3 5 7 |  7.6
Evocations     | 3 5 7 |  7.6
Poison Magic   | 2 4 6 7 |  7.0
Stealth        | |  2.4

Action                   |  1- 3 |  4- 6 |  7- 9 | 10-12 || total
-------------------------+-------+-------+-------+-------++-------
Melee: Dagger            |       |     1 |     3 |    37 ||    41
 Cast: Flame Tongue      |    17 |     6 |    15 |    14 ||    52
       Throw Flame       |     1 |       |       |     2 ||     3
       Conjure Flame     |       |     1 |     2 |    12 ||    15
       Sticky Flame      |       |     3 |    14 |    14 ||    31
       Bolt of Magma     |       |       |    19 |    30 ||    49
       Fireball          |       |       |     2 |     4 ||     6
       Iron Shot         |       |       |     1 |    14 ||    15
       Mephitic Cloud    |       |       |       |     9 ||     9
  Use: Scroll            |       |     5 |     1 |     1 ||     7
       Potion            |       |     3 |     2 |     5 ||    10
 Stab: Confused          |       |       |       |     3 ||     3
       Sleeping          |       |       |       |     2 ||     2
  Eat: Chunk             |       |       |     3 |       ||     3
       Royal jelly       |       |       |     1 |     5 ||     6
Armor: Robe              |       |       |     2 |     2 ||     4
Dodge: Dodged            |     4 |     3 |    15 |    39 ||    61
